 Dungeon Crawl Stone Soup version 0.30-a0-862-g1aabd4f9c5 (webtiles) character file.

Game seed: 12706988659144071498

744 dialectric the Slasher (level 7, 0/67 HPs)
             Began as a Troll Fighter on Mar 9, 2023.
             Slain by a gnoll
             ... wielding a +0 flail
             ... led by a gnoll sergeant
              (5 damage)
             ... on level 7 of the Dungeon.
             The game lasted 00:07:45 (3221 turns).

dialectric the Slasher (Troll Fighter)              Turns: 3221, Time: 00:07:45

Health: 0/67       AC: 13    Str: 25    XL:     7   Next: 47%
Magic:  6/6        EV:  8    Int:  4    God:
Gold:   249        SH:  0    Dex: 11    Spells: 6/6 levels left

rFire   x . .      SeeInvis .    a - +0 long sword
rCold   + + .      Faith    .    (no shield)
rNeg    . . .      Spirit   .    o - +0 ice dragon scales
rPois   .          Reflect  .    (helmet restricted)
rElec   .          Rampage  .    t - +0 cloak
rCorr   .                        (gloves unavailable)
Will    .....                    (boots unavailable) Stlth
                                 (no amulet)
HPRegen 1.11/turn                g - ring of flight
MPRegen 0.10/turn                (no ring)

@: lethally poisoned (0 -> -1), about to teleport, flying
A: large, unfitting armour, claws 3, regeneration 1, shaggy fur 1, tough skin 1
a: no special abilities


You were on level 7 of the Dungeon.
You visited 1 branch of the dungeon, and saw 7 of its levels.

You collected 315 gold pieces.
You spent 66 gold pieces at shops.

Inventory:

Hand Weapons
 a - a +0 long sword (weapon)
 h - a +0 short sword
Armour
 b - a +0 robe
 c - a +0 kite shield
 o - +0 ice dragon scales (worn)
 t - a +0 cloak (worn)
Jewellery
 g - a ring of flight (left claw)
Wands
 k - a wand of roots (5)
 p - a wand of paralysis (22)
Scrolls
 f - a scroll of identify
 j - a scroll of poison {unknown}
 n - a scroll of vulnerability {unknown}
 r - a scroll of noise {unknown}
 v - a scroll of enchant weapon {unknown}
Potions
 i - a potion of berserk rage {unknown}
 l - a potion of brilliance {unknown}
 m - a potion of degeneration
 q - 2 potions of mutation {unknown}
 u - a potion of magic {unknown}


   Skills:
 - Level 3.0 Fighting
 + Level 4.8 Long Blades
 * Level 3.4 Armour
 - Level 3.2 Dodging
 - Level 1.3 Stealth
 - Level 2.6 Shields


You had 6 spell levels left.
You didn't know any spells.
Your spell library contained the following spells:

 Spells                   Type           Power      Damage    Failure   Level
 Apportation              Tloc           0%         N/A       85%         1
 Necrotise                Necr           0%         1d4       85%         1
 Summon Small Mammal      Summ           0%         N/A       85%         1
 Summon Guardian Golem    Hex/Summ       0%         N/A       99%         3
 Orb of Destruction       Conj           0%         9d5       100%        7
 Spellforged Servitor     Conj/Summ      0%         N/A       100%        7


Dungeon Overview and Level Annotations

Branches:
Dungeon (7/15)
 Temple: D:4-7

Altars:
Fedhas
Ru

Shops:
D:1 (!=   D:2 !


Innate Abilities, Weirdness & Mutations

You are too large for most types of armour.
You have claws for hands.
Your natural rate of healing is unusually fast.
You are covered in fur. (AC +1)
You have tough skin. (AC +1)


Message History

The steam dragon claws you.
* * * LOW HITPOINT WARNING * * *
Unknown command.
It was a potion of heal wounds.
You feel much better.
You feel very sick. The scorpion barely misses you.
The scorpion is engulfed in a cloud of scalding steam.
The gnoll sergeant hits you but does no damage.
The steam dragon breathes steam at you. The ball of steam hits you!
The steam scalds you terribly!
* * * LOW HITPOINT WARNING * * *
The gnoll is engulfed in a cloud of scalding steam.
As you read the scroll of teleportation, it crumbles to dust.
You feel strangely unstable.
You are engulfed in a cloud of scalding steam.
* * * LOW HITPOINT WARNING * * *
You feel very sick.
The scorpion stings you but does no damage.
The gnoll sergeant barely misses you.
The steam dragon bites you but does no damage.
The steam dragon closely misses you.
The gnoll sergeant hits you from afar with a +0 spear.
* * * LOW HITPOINT WARNING * * *
The scorpion stings you.
* * * LOW HITPOINT WARNING * * *
You feel sick.
The gnoll sergeant hits you but does no damage.
Unknown command.
You feel much better.
You feel sick.
A nearby plant withers and dies.
The steam dragon bites you but does no damage.
The steam dragon claws you but does no damage.
The scorpion is engulfed in a cloud of scalding steam.
The scorpion stings you.
* * * LOW HITPOINT WARNING * * *
The gnoll sergeant hits you from afar with a +0 trident.
* * * LOW HITPOINT WARNING * * *
The gnoll sergeant hits you from afar with a +0 spear!
* * * LOW HITPOINT WARNING * * *
The gnoll hits you with a +0 flail.
You die...

............PP.#
..).?..P..P.PP.#
..........P....#
#.............#
#............+######
##.....###.gs......#
#....<# #ggog.....#
#.....# #..Ds.....#
#..$?.# #..@g§....#
#.....# #.........#
#.....# #.........#
#..?..# #......§.§#
#.....# ###########
#######


You could see a steam dragon, 2 gnoll sergeants, 2 scorpions, 3 gnolls and an
orc.

Vanquished Creatures
  2 black bears (D:6)
  An ogre (D:4)
  A phantom (D:6)
  A howler monkey (D:6)
  A hound (D:4)
  2 jellies (D:5)
  A sleepcap (D:4)
  An iguana (D:6)
  3 gnolls
  Robin (D:2)
  9 adders
  An ufetubus (D:4)
  4 dart slugs
  10 orcs
  9 ball pythons
  4 bats
  2 endoplasms
  3 giant cockroaches (D:1)
  13 goblins
  6 hobgoblins
  6 jackals (D:1)
  5 quokkas
  5 frilled lizards
  3 kobolds
  5 rats
99 creatures vanquished.

Vanquished Creatures (others)
  A gnoll (D:7)
  A fungus (D:3)
  A plant (D:7)
3 creatures vanquished.

Grand Total: 102 creatures vanquished

Notes
Turn   | Place    | Note
-------+----------+-------------------------------------------
     0 | D:1      | dialectric the Troll Fighter began the quest for the Orb.
     0 | D:1      | Reached XP level 1. HP: 22/22 MP: 0/0
   106 | D:1      | Reached XP level 2. HP: 29/29 MP: 1/1
   137 | D:1      | Reached skill level 2 in Long Blades
   200 | D:1      | Found Dorahob's Weapon Shop.
   346 | D:1      | Found Refim's Distillery.
   377 | D:1      | Found Foaluhop's Jewellery Shop.
   443 | D:1      | Reached XP level 3. HP: 36/36 MP: 2/2
   924 | D:2      | Reached skill level 3 in Long Blades
   924 | D:2      | Reached XP level 4. HP: 42/44 MP: 3/3
  1164 | D:2      | Noticed Robin
  1176 | D:2      | Killed Robin
  1234 | D:2      | Found Mulor's Distillery.
  1528 | D:3      | Found a faded altar of an unknown god.
  1611 | D:3      | Reached XP level 5. HP: 52/52 MP: 4/4
  1791 | D:3      | Found a blossoming altar of Fedhas.
  2201 | D:1      | Bought 2 potions of curing for 66 gold pieces
  2302 | D:4      | Noticed a black bear
  2397 | D:4      | Found a sacrificial altar of Ru.
  2411 | D:4      | Noticed an ogre
  2421 | D:4      | Killed an ogre
  2422 | D:4      | Reached skill level 4 in Long Blades
  2422 | D:4      | Reached skill level 1 in Armour
  2422 | D:4      | Reached XP level 6. HP: 61/61 MP: 5/5
  2784 | D:5      | Entered Level 5 of the Dungeon
  2870 | D:6      | Reached skill level 1 in Stealth
  2870 | D:6      | Reached XP level 7. HP: 20/67 MP: 6/6
  3211 | D:7      | Noticed a steam dragon
  3219 | D:7      | HP: 1/67 [scorpion (3)]
  3221 | D:7      | Slain by a gnoll

Illustrated notes

Levels and vault maps discovered:
D:1:      noname_arrival_rooms_in_the_neighbourhood, layout_basic, serial_shops,
          nicolae_shop_bloodbath_and_beyond, nicolae_lakefront_shop, shop
D:2:      minmay_alternating_diamond, layout_basic, serial_shops, shop_statue,
          uniq_robin
D:3:      layout_basic, fedhas_altar_3, nicolae_ecumenical_pavilion
D:4:      layout_basic, mainiacjoe_overflow_six_doors_small,
          minmay_statues_item, hex_medium, uniq_crazy_yiuf_cottage
D:5:      layout_rooms, minmay_temple_entry_grid, gup_ossuary_entry_pyramid,
          grunt_ministairs_1
D:6:      layout_gridville, lemuel_blue_sif_altar, mrwooster_statue_mirror
D:7:      layout_basic, zin_academy, serial_shops, nicolae_shop_crystal,
          nicolae_grassy_gnolls

Skill      XL: |  1  2  3  4  5  6  7 |
---------------+----------------------+-----
Long Blades    | 2 3 4 |  4.8
Dodging        | 3 |  3.2
Fighting       | 3 |  3.0
Armour         | 1 2 3 |  3.4
Stealth        | 1 |  1.3
Shields        | |  2.6

Action                     |  1- 3 |  4- 6 |  7- 9 || total
---------------------------+-------+-------+-------++-------
  Melee: Long sword        |   154 |   262 |    58 ||   474
         Punch             |     2 |     3 |       ||     5
  Evoke: Wand              |       |     2 |     2 ||     4
    Use: Potion            |       |     3 |     6 ||     9
         Scroll            |       |     3 |     2 ||     5
   Stab: Paralysed         |       |     5 |       ||     5
 Armour: Robe              |    77 |    41 |       ||   118
         Ice dragon scales |       |   192 |   103 ||   295
  Dodge: Dodged            |   121 |   203 |    42 ||   366

Table legend: (Time is in decaauts)
 A = Elapsed time spent in this place.
 B = Non-inter-level travel time spent in this place.
 C = Inter-level travel time spent in this place.
 D = Time resting spent in this place.
 E = Time spent auto-exploring this place.
 F = Levels seen in this place.
 G = Mean time per level.
                   A        B        C        D        E       F      G
               +--------+--------+--------+--------+--------+-----+--------+
         Total |   3334 |   3090 |    244 |     61 |   1757 |   7 |  476.3 |
       Dungeon |   3334 |   3090 |    244 |     61 |   1757 |   7 |  476.3 |
               +--------+--------+--------+--------+--------+-----+--------+

Top non-repeatable levels by time:
     D:2: 931 daAuts
     D:1: 827 daAuts
     D:3: 666 daAuts
     D:4: 474 daAuts
     D:6: 360 daAuts
     D:5: 60 daAuts
     D:7: 14 daAuts
